Map: Tokamak LE

Players

Astrea - Winner!

  • Race: Terran Terran
  • League: Grandmaster
  • Spawn Location: 7:00

acheron

  • Race: Protoss Protoss
  • League: Master
  • Spawn Location: 1:00

VOD

Have the link to the VOD?

Description

Time

  • Played on: June 24, 2025, 8:39 p.m.
  • Length: 6:12
Show
View Real Time Build Order
Export as new Build Order

Astrea Terran - Winner!

Build Orders: 1/1/1, Liberator Opening 

Get SALT Encoding   

  12  0:00  SCV  
  13  0:12  SCV  
  14  0:16  Supply Depot  
  14  0:24  SCV  
  15  0:38  SCV  
  15  0:39  Barracks  
  15  0:42  Refinery  
  16  0:50  SCV  
  16  0:52  Refinery  
  17  1:02  SCV  
  18  1:14  SCV  
  19  1:25  Reaper  
  19  1:26  Orbital Command  
  19  1:28  Supply Depot  
  20  1:39  Factory  
  20  1:52  SCV  
  21  1:58  Barracks Reactor  
  21  2:04  SCV  
  22  2:16  Command Center  
  22  2:20  SCV  
  23  2:28  Starport  
  23  2:33  SCV  
  24  2:38  Widow Mine  
  24  2:43  Marine  
  28  2:45  SCV  
  28  2:50  Supply Depot  
  28  2:52  Marine  
  28  2:58  SCV  
  30  3:05  Marine  
  30  3:09  Marine  
  30  3:10  SCV  
  31  3:22  SCV  
  31  3:26  Widow Mine, Medivac  
  34  3:27  Marine x2  
  36  3:34  SCV  
  37  3:45  Marine x2  
  39  3:48  Factory Tech Lab  
  39  3:58  SCV, Liberator  
  39  3:59  Orbital Command  
  43  4:07  Siege Tank  
  46  4:12  Supply Depot  
  46  4:13  SCV  
  46  4:14  Marine x2  
  49  4:25  SCV  
  49  4:28  SCV  
  51  4:32  Marine x2  
  51  4:33  Supply Depot  
  51  4:37  SCV  
  52  4:39  Siege Tank  
  52  4:40  SCV  
  56  4:49  SCV, Starport Tech Lab  
  56  4:50  Marine  
  56  4:52  SCV  
  59  4:53  Marine  
  59  4:55  Supply Depot  
  60  5:01  SCV  
  60  5:04  SCV  
  62  5:07  Marine  
  62  5:09  Raven  
  62  5:10  Barracks  
  62  5:11  Marine  
  62  5:12  Supply Depot  
  62  5:13  SCV  
  65  5:17  Siege Tank  
  68  5:23  SCV  
  68  5:25  SCV, Marine  
  68  5:27  Refinery  
  71  5:31  Barracks  
  71  5:33  Marine  
  72  5:35  SCV  
  72  5:40  SCV  
  71  5:43  Marine  
  71  5:44  Supply Depot  
  71  5:46  Refinery  
  71  5:48  SCV  
  73  5:51  Marine  
  73  5:52  SCV  
  73  6:00  SCV  
  78  6:05  Starport Reactor  
Show
View Real Time Build Order
Export as new Build Order

acheron Protoss 

Build Orders: 1 Gate Expand, Phoenix Opening, Blink Stalkers 

Get SALT Encoding   

  12  0:00  Probe  
  13  0:12  Probe  
  14  0:18  Pylon  
  14  0:24  Probe  
  15  0:34  Probe  
  15  0:40  Gateway  
  15  0:42  Probe  
  16  0:48  Assimilator  
  17  0:51  Probe  
  18  1:03  Probe  
  19  1:15  Probe  
  20  1:27  Cybernetics Core  
  20  1:33  Nexus  
  20  1:41  Pylon, Probe  
  21  1:48  Assimilator  
  21  1:54  Probe  
  22  1:55  Adept  
  21  2:06  Probe, Warp Gate  
  24  2:13  Stalker  
  24  2:18  Probe  
  27  2:30  Probe  
  28  2:38  Shield Battery  
  28  2:42  Probe  
  28  2:47  Twilight Council  
  28  2:48  Probe  
  29  2:51  Sentry  
  29  2:54  Probe  
  32  3:00  Probe  
  33  3:06  Probe  
  33  3:07  Blink  
  33  3:12  Probe  
  35  3:18  Probe  
  36  3:21  Gateway  
  36  3:24  Probe  
  35  3:30  Probe  
  35  3:31  Pylon  
  36  3:36  Probe  
  36  3:37  Gateway  
  37  3:42  Probe  
  37  3:47  Phoenix  
  38  3:48  Pylon, Probe  
  38  3:55  Probe  
  40  4:00  Probe  
  41  4:04  Nexus  
  41  4:09  Probe  
  42  4:13  Probe  
  42  4:15  Stalker  
  42  4:16  Stalker  
  47  4:21  Probe  
  48  4:25  Probe  
  49  4:33  Probe  
  49  4:37  Probe  
  48  4:45  Probe  
  48  4:49  Probe  
  49  4:53  Assimilator  
  49  4:54  Assimilator  
  49  4:55  Pylon  
  49  4:57  Probe  
  50  5:01  Probe  
  50  5:03  Templar Archives  
  51  5:07  Forge  
  51  5:09  Probe  
  51  5:13  Probe  
  52  5:18  Probe  
  53  5:21  Stalker  
  53  5:22  Probe  
  53  5:23  Stalker x2  
  40  5:45  Stalker  
  40  5:48  Stalker x2  
  40  5:49  Probe x3  
Tags
 
Add a new tag
Caveats
  • Supply blocks, unpowered buildings, or Contaminate may cause inaccurate times.
  • Supply counts are checked every 10 seconds.